 Dungeon Crawl Stone Soup version 0.29.1-12-g30fa7ad0bf (webtiles) character file.

Game seed: 17542785271968510862

77 DildoBatman the Conjurer (level 4, 0/33 HPs)
             Began as a Formicid Conjurer on Dec 13, 2022.
             Slain by an orc
             ... wielding a +0 war axe
              (8 damage)
             ... on level 3 of the Dungeon.
             The game lasted 00:03:31 (1383 turns).

DildoBatman the Conjurer (Formicid Conjurer)        Turns: 1383, Time: 00:03:32

Health: 0/33       AC:  2    Str: 11    XL:     4   Next: 60%
Magic:  1/8        EV: 12    Int: 20    God:
Gold:   198        SH:  0    Dex: 12    Spells: 6/9 levels left

rFire   + . .      SeeInvis +   a - +4 sling
rCold   . . .      Faith    +   (no shield)
rNeg    . . .      Spirit   .   h - +0 robe
rPois   .          Reflect  .   (helmet unavailable)
rElec   .          Harm     .   (no cloak)
rCorr   .          Rampage  .   (no gloves)
Will    .....                   (no boots)
Stlth   ++........              r - amulet of faith
HPRegen 0.11/turn               i - ring of protection from fire
MPRegen 0.11/turn               (no ring)

@: very slightly contaminated
A: permanent stasis, dig shafts and tunnels, antennae 3, four strong arms
a: Dig, Shaft Self


You were on level 3 of the Dungeon.
You visited 1 branch of the dungeon, and saw 3 of its levels.

You collected 198 gold pieces.

Inventory:

Hand Weapons
 a - a +4 sling (weapon)
 b - a +2 dagger of venom
Missiles
 c - 55 stones
 d - a boomerang
 f - a throwing net
Armour
 h - a +0 robe (worn)
Jewellery
 i - a ring of protection from fire (left hand)
 r - an amulet of faith (around neck)
Scrolls
 g - 5 scrolls of identify {unknown}
 j - a scroll of blinking {unknown}
 o - a scroll of magic mapping {unknown}
 p - a scroll of teleportation {unknown}
 q - a scroll of poison {unknown}
Potions
 e - a potion of magic
 k - a potion of degeneration {unknown}
 l - 2 potions of curing {unknown}
 m - a potion of might {unknown}
 n - a potion of invisibility {unknown}


   Skills:
 * Level 1.7 Fighting
 * Level 1.7 Armour
 - Level 2.0 Dodging
 - Level 2.4 Stealth
 * Level 3.0 Spellcasting
 * Level 4.0 Conjurations


You had 6 spell levels left.
You knew the following spells:

 Your Spells              Type           Power      Damage    Failure   Level
a - Searing Ray           Conj           38%        2d5       4%          2
c - Magic Dart            Conj           76%        1d6       2%          1

Your spell library contained the following spells:

 Spells                   Type           Power      Damage    Failure   Level
 Dazzling Flash           Conj/Hex       22%        N/A       19%         3
 Fulminant Prism          Conj/Hex       5%         3d7       52%         4
 Iskenderun's Mystic Bla  Conj/Tloc      11%        2d4       52%         4


Dungeon Overview and Level Annotations

Branches:
Dungeon (3/15)

Altars:


Innate Abilities, Weirdness & Mutations

You cannot be hasted, slowed, berserked, paralysed or teleported.
You can dig through walls and to a lower floor.
You have a pair of large antennae on your head. (SInv)
Your four strong arms can wield two-handed weapons with a shield.


Message History

The stone hits you. The orc closely misses you.
Casting: Searing Ray (safe; 4% risk of failure)
Confirm with . or Enter, or press ? or * to list all spells.
Aiming: Searing Ray (safe; 4% risk of failure)
Press: ? - help, Shift-Dir - straight line, f - orc priest, p - orc
Aim: an orc priest, wielding a +0 flail (moderately wounded, 78% to hit)
You miscast Searing Ray.
You are very lightly contaminated with residual magic.
Nothing appears to happen.
The orc throws a stone.
The stone hits you. The orc closely misses you.
Casting: Searing Ray (safe; 4% risk of failure)
Confirm with . or Enter, or press ? or * to list all spells.
Aiming: Searing Ray (safe; 4% risk of failure)
Press: ? - help, Shift-Dir - straight line, f/p - orc priest
Aim: an orc priest, wielding a +0 flail (moderately wounded, 78% to hit)
The searing ray misses the orc priest. (Press . to maintain the ray.)
The orc barely misses you.
An orc comes into view. It is wielding a +0 dagger.
The searing ray misses the orc priest.
The searing ray hits the orc.
The orc is almost dead.
The orc priest hits you with a +0 flail!
The orc barely misses you.
The searing ray hits the orc priest!
The orc priest is almost dead.
The searing ray hits the orc.
You kill the orc!
The orc priest hits you with a +0 flail.
The orc hits you with a +0 war axe!
Your Spellcasting skill increases to level 3!
The searing ray misses the orc priest.
You finish channelling your searing ray.
The quokka twitches its whiskers.
The orc priest closely misses you. The orc hits you with a +0 war axe!
You die...

#........##...##....#..#######.
#........##...###...##....##...
#........##...# ###.##.........
#........##...#####............
#..............................
#...................#.....#....
#.....<..o.........####.#......
#####.###............>.........
#.###...ro@....######......
###..##....o......#..........
#.........)......#..####....†
#..................## #.....
#.................## ##..#..
#.†..............## ###...#..
#......####..##..## #........
#.....).###.......###........
#........##...............#..


You could see an orc priest, 2 orcs and a quokka.

Vanquished Creatures
  2 adders (D:3)
  A worm (D:3)
  2 orcs (D:3)
  6 endoplasms
  A giant cockroach (D:2)
  4 hobgoblins
  9 kobolds
  4 quokkas
  4 ball pythons (D:1)
  9 bats (D:1)
  2 frilled lizards
  3 goblins
  4 rats (D:2)
51 creatures vanquished.

Vanquished Creatures (others)
  3 plants (D:2)
  3 withered plants (D:2)
6 creatures vanquished.

Grand Total: 57 creatures vanquished

Notes
Turn   | Place    | Note
-------+----------+-------------------------------------------
     0 | D:1      | DildoBatman the Formicid Conjurer began the quest for the
                  | Orb.
     0 | D:1      | Reached XP level 1. HP: 13/13 MP: 3/3
   165 | D:1      | Reached XP level 2. HP: 20/20 MP: 0/5
   168 | D:1      | Learned a level 2 spell: Searing Ray
   496 | D:1      | Reached skill level 1 in Fighting
   499 | D:1      | Reached skill level 1 in Armour
   499 | D:1      | Reached XP level 3. HP: 21/26 MP: 6/6
   782 | D:2      | Found a faded altar of an unknown god.
  1200 | D:3      | Reached XP level 4. HP: 31/32 MP: 5/8
  1298 | D:3      | Reached skill level 4 in Conjurations
  1383 | D:3      | Slain by an orc

Illustrated notes

Levels and vault maps discovered:
D:1:      dpeg_arrival_rhombi, layout_basic
D:2:      layout_rooms, shapermc_ecumenical_altar_flowoftime
D:3:      layout_rooms

Skill      XL: |  1  2  3  4 |
---------------+-------------+-----
Dodging        | 2 |  2.0
Fighting       | 1 |  1.7
Armour         | 1 |  1.7
Conjurations   | 4 |  4.0
Spellcasting   | 3 |  3.0
Stealth        | |  2.4

Action                   |  1- 3 |  4- 6 || total
-------------------------+-------+-------++-------
Melee: Unarmed           |     3 |       ||     3
       Dagger            |    52 |       ||    52
 Fire: Sling             |    25 |    21 ||    46
Throw: Boomerang         |    16 |       ||    16
 Cast: Magic Dart        |    30 |     1 ||    31
       Searing Ray       |     2 |     3 ||     5
Armor: Robe              |     9 |     2 ||    11
Dodge: Dodged            |    35 |     8 ||    43
